PBL
CANTON INDIANS @ YORK REVOLUTION
10/12/2047
 
TOP OF THE 1ST
Columbus Reds batting - Pitching for Chester Pirates : RHP Josh Palmer
Pitching: RHP Josh Palmer
Batting: RHB Tim Wormell 0-0: Ball
1-0: Called Strike
1-1: Fly out, F9 (Flyball, 89S, EV 96.9 MPH)
Batting: RHB Jordan Hernandez 0-0: Called Strike
0-1: Ball
1-1: Ball
2-1: Foul Ball, location: 2F
2-2: Ground out 5-3 (Groundball, 56, EV 96.9 MPH)
Batting: LHB Manny Pena 0-0: Called Strike
0-1: Hit by Pitch
Batting: RHB Hyun-jong Bark 0-0: Ball
1-0: Ball
2-0: Foul Ball, location: 2F
2-1: Called Strike
2-2: Ball
3-2: SINGLE (Groundball, 4MD, EV 97.5 MPH)
Manny Pena to second
Manny Pena to third
Batting: RHB Angel Ramos 0-0: Swinging Strike
0-1: Ball
1-1: Ball
2-1: DOUBLE (Flyball, 78D, EV 92.5 MPH)
Manny Pena scores
Hyun-jong Bark to third
Runner from 3rd tries for Home, SAFE, throw by CF to trailing runner, SAFE at third!
Batting: LHB Danny Montalvo 0-0: SINGLE (Line Drive, 89S, EV 101.3 MPH)
Angel Ramos scores
Batting: RHB Toshimasa Kaku 0-0: Called Strike
0-1: Swinging Strike
0-2: Ball
1-2: Strikes out swinging
Top of the 1st over - 3 runs, 3 hits, 0 errors, 1 left on base; Columbus 3 - Chester 0
BOTTOM OF THE 1ST
Chester Pirates batting - Pitching for Columbus Reds : LHP Jeff Wall
Pitching: LHP Jeff Wall
Batting: RHB Raul Mendoza 0-0: Called Strike
0-1: Bunted foul
0-2: Ball
1-2: Ball
2-2: Foul Ball, location: 2F
2-2: Ball
3-2: Foul Ball, location: 2F
3-2: Foul Ball, location: 2F
3-2: Foul Ball, location: 2F
3-2: SINGLE (Groundball, 56S, EV 72.5 MPH) (infield hit)
Batting: RHB Slamet Pamungkas 0-0: Ball
1-0: Fly out, F9 (Line Drive, 9D, EV 95.6 MPH)
Batting: RHB Ernie Weathersbee 0-0: Ball
Wild Pitch!
Raul Mendoza to second
1-0: Called Strike
1-1: Swinging Strike
1-2: Foul Ball, location: 2F
1-2: Foul Ball, location: 2F
1-2: TRIPLE (Flyball, 89XD, EV 96.9 MPH)
Raul Mendoza scores
Batting: RHB Yoshiaki Tsutsui 0-0: Ball
1-0: Foul Ball, location: 2F
1-1: SINGLE (Line Drive, 78S, EV 90.6 MPH)
Ernie Weathersbee scores
Batting: RHB Marcos Ortiz 0-0: Foul Ball, location: 2F
0-1: Ball
1-1: Ball
2-1: Ball
3-1: Foul Ball, location: 2F
3-2: Grounds into double play, 5-4-3 (Groundball, 5L, EV 86.3 MPH)
Bottom of the 1st over - 2 runs, 3 hits, 0 errors, 0 left on base; Columbus 3 - Chester 2
TOP OF THE 2ND
Columbus Reds batting - Pitching for Chester Pirates : RHP Josh Palmer
Batting: RHB Carlos Ruiz 0-0: Foul Ball, location: 2F
0-1: Swinging Strike
0-2: Ball
1-2: Ball
2-2: Strikes out swinging
Batting: RHB Chris Gearhart 0-0: Ball
1-0: Ball
2-0: Swinging Strike
2-1: SINGLE (Line Drive, 6D, EV 96.3 MPH)
Batting: RHB Tim Wormell 0-0: Ball
1-0: Called Strike
1-1: Called Strike
1-2: Ball
2-2: Fly out, F7 (Flyball, 7D, EV 98.8 MPH)
Batting: RHB Jordan Hernandez 0-0: Ball
1-0: Foul Ball, location: 2F
1-1: Ball
2-1: Ball
3-1: Foul Ball, location: 2F
3-2: Fly out, F3 (Popup, 23F, EV 82.5 MPH)
Top of the 2nd over - 0 runs, 1 hit, 0 errors, 1 left on base; Columbus 3 - Chester 2
BOTTOM OF THE 2ND
Chester Pirates batting - Pitching for Columbus Reds : LHP Jeff Wall
Batting: RHB David de la Rosa 0-0: Ground out 5-3 (Groundball, 56S, EV 88.1 MPH)
Batting: RHB Kevin Hamilton 0-0: DOUBLE (Line Drive, 9LM, EV 100.6 MPH)
Batting: RHB Erik Norberg 0-0: Called Strike
0-1: Ball
1-1: Called Strike
1-2: Strikes out looking
Batting: RHB Tyler Smith 0-0: Called Strike
0-1: Swinging Strike
0-2: Ball
1-2: Fly out, F7 (Flyball, 7, EV 90.0 MPH)
Bottom of the 2nd over - 0 runs, 1 hit, 0 errors, 1 left on base; Columbus 3 - Chester 2
TOP OF THE 3RD
Columbus Reds batting - Pitching for Chester Pirates : RHP Josh Palmer
Batting: LHB Manny Pena 0-0: Foul Ball, location: 2F
0-1: Called Strike
0-2: Strikes out swinging
Batting: RHB Hyun-jong Bark 0-0: Swinging Strike
0-1: Ball
1-1: Called Strike
1-2: Ball
2-2: Ball
3-2: Foul Ball, location: 2F
3-2: Base on Balls
Batting: RHB Angel Ramos 0-0: Called Strike
Hyun-jong Bark steals 2nd base
0-1: Ball
1-1: Foul Ball, location: 2F
1-2: Strikes out swinging
Batting: LHB Danny Montalvo 0-0: Called Strike
0-1: Fly out, F9 (Flyball, 89S, EV 81.3 MPH)
Top of the 3rd over - 0 runs, 0 hits, 0 errors, 1 left on base; Columbus 3 - Chester 2
BOTTOM OF THE 3RD
Chester Pirates batting - Pitching for Columbus Reds : LHP Jeff Wall
Batting: RHB Raul Mendoza 0-0: Reached on error, E6 (Groundball, 6, EV 85.0 MPH)
Batting: RHB Slamet Pamungkas 0-0: Ball
1-0: Called Strike
1-1: Called Strike
1-2: Ball
2-2: Ball
3-2: Ground out 6-3 (Groundball, 6, EV 81.3 MPH)
Raul Mendoza to second
Batting: RHB Ernie Weathersbee 0-0: Called Strike
Raul Mendoza is caught stealing 3rd base 2-5
0-1: Ball
1-1: Ground out 4-3 (Groundball, 4, EV 103.8 MPH)
Bottom of the 3rd over - 0 runs, 0 hits, 1 error, 0 left on base; Columbus 3 - Chester 2
TOP OF THE 4TH
Columbus Reds batting - Pitching for Chester Pirates : RHP Josh Palmer
Batting: RHB Toshimasa Kaku 0-0: Ground out 4-3 (Groundball, 4, EV 86.3 MPH)
Batting: RHB Carlos Ruiz 0-0: Ball
1-0: Foul Ball, location: 2F
1-1: Swinging Strike
1-2: Strikes out swinging
Batting: RHB Chris Gearhart 0-0: Swinging Strike
0-1: Foul Ball, location: 2F
0-2: Ball
1-2: Strikes out swinging
Top of the 4th over - 0 runs, 0 hits, 0 errors, 0 left on base; Columbus 3 - Chester 2
BOTTOM OF THE 4TH
Chester Pirates batting - Pitching for Columbus Reds : LHP Jeff Wall
Batting: RHB Yoshiaki Tsutsui 0-0: Called Strike
0-1: Ball
1-1: Ball
2-1: Ball
3-1: SINGLE (Line Drive, 9S, EV 103.8 MPH)
Batting: RHB Marcos Ortiz 0-0: Foul Ball, location: 2F
0-1: Grounds into double play, 4-6-3 (Groundball, 4, EV 87.5 MPH)
Batting: RHB David de la Rosa 0-0: Ball
1-0: Called Strike
1-1: Swinging Strike
1-2: Ball
2-2: Ball
3-2: Strikes out looking
Bottom of the 4th over - 0 runs, 1 hit, 0 errors, 0 left on base; Columbus 3 - Chester 2
TOP OF THE 5TH
Columbus Reds batting - Pitching for Chester Pirates : RHP Josh Palmer
Batting: RHB Tim Wormell 0-0: Ball
1-0: DOUBLE (Flyball, 8RD, EV 99.4 MPH)
Batting: RHB Jordan Hernandez 0-0: Ball
1-0: Called Strike
1-1: Ball
2-1: Ball
3-1: Foul Ball, location: 2F
3-2: Base on Balls
Batting: LHB Manny Pena 0-0: Ball
1-0: Called Strike
1-1: Ball
2-1: Foul Ball, location: 2F
2-2: Ball
3-2: Fly out, F7 (Flyball, 7LSF, EV 95.0 MPH)
Batting: RHB Hyun-jong Bark 0-0: Ball
1-0: Foul Ball, location: 2F
1-1: Ball
2-1: Ball
3-1: Base on Balls
Tim Wormell to third
Jordan Hernandez to second
Batting: RHB Angel Ramos 0-0: Called Strike
0-1: Ball
1-1: Ball
2-1: Ball
3-1: Base on Balls
Tim Wormell scores
Jordan Hernandez to third
Hyun-jong Bark to second
Batting: LHB Danny Montalvo 0-0: Foul Ball, location: 2F
0-1: Foul Ball, location: 2F
0-2: Fly out, F7 (Flyball, 7, EV 86.9 MPH)
Batting: RHB Toshimasa Kaku 0-0: Foul Ball, location: 2F
0-1: Called Strike
0-2: Strikes out swinging
Top of the 5th over - 1 run, 1 hit, 0 errors, 3 left on base; Columbus 4 - Chester 2
BOTTOM OF THE 5TH
Chester Pirates batting - Pitching for Columbus Reds : LHP Jeff Wall
Batting: RHB Kevin Hamilton 0-0: Ball
1-0: Swinging Strike
1-1: Ball
2-1: Ball
3-1: Foul Ball, location: 2F
3-2: Base on Balls
Batting: RHB Erik Norberg 0-0: Ball
1-0: Called Strike
1-1: Ball
2-1: Fly out, F8 (Flyball, 8LD, EV 103.8 MPH)
Batting: RHB Tyler Smith 0-0: Fly out, F9 (Flyball, 9LM, EV 80.0 MPH)
Batting: RHB Raul Mendoza 0-0: Foul Ball, location: 2F
0-1: Swinging Strike
0-2: Ball
1-2: Ground out 1-3 (Groundball, 34S, EV 86.9 MPH)
Bottom of the 5th over - 0 runs, 0 hits, 0 errors, 1 left on base; Columbus 4 - Chester 2
TOP OF THE 6TH
Columbus Reds batting - Pitching for Chester Pirates : RHP Josh Palmer
Pitching: RHP Adrian Tepale
Batting: RHB Carlos Ruiz 0-0: Bunted foul
0-1: Swinging Strike
0-2: Strikes out swinging
Batting: RHB Chris Gearhart 0-0: SINGLE (Groundball, 4MD, EV 98.1 MPH)
Batting: RHB Tim Wormell 0-0: Ball
1-0: Fielders Choice at 2nd, 4-6 (Groundball, 4S, EV 83.1 MPH)
Batting: RHB Jordan Hernandez 0-0: Ball
1-0: Called Strike
1-1: SINGLE (Line Drive, 89S, EV 87.5 MPH)
Tim Wormell to second
Runner from 2nd tries for 3rd, SAFE, throw by RF made to third
Batting: LHB Manny Pena 0-0: Fly out, F6 (Popup, 6MS, EV 71.9 MPH)
Top of the 6th over - 0 runs, 2 hits, 0 errors, 2 left on base; Columbus 4 - Chester 2
BOTTOM OF THE 6TH
Chester Pirates batting - Pitching for Columbus Reds : LHP Jeff Wall
Batting: RHB Slamet Pamungkas 0-0: Ball
1-0: Swinging Strike
1-1: Foul Ball, location: 2F
1-2: Foul Ball, location: 2F
1-2: Ball
2-2: Strikes out swinging
Batting: RHB Ernie Weathersbee 0-0: Called Strike
0-1: Called Strike
0-2: Ball
1-2: Ball
2-2: Strikes out swinging, 2-3 out at first.
Batting: RHB Yoshiaki Tsutsui 0-0: Called Strike
0-1: Ball
1-1: Ball
2-1: Fly out, F8 (Flyball, 8RM, EV 81.9 MPH)
Bottom of the 6th over - 0 runs, 0 hits, 0 errors, 0 left on base; Columbus 4 - Chester 2
TOP OF THE 7TH
Columbus Reds batting - Pitching for Chester Pirates : RHP Adrian Tepale
Batting: RHB Hyun-jong Bark 0-0: Called Strike
0-1: Ball
1-1: Foul Ball, location: 2F
1-2: Foul Ball, location: 2F
1-2: Fly out, F9 (Line Drive, 9, EV 90.6 MPH)
Batting: RHB Angel Ramos 0-0: Swinging Strike
0-1: Ball
1-1: Ball
2-1: Called Strike
2-2: Foul Ball, location: 2F
2-2: Foul Ball, location: 2F
2-2: Foul Ball, location: 2F
2-2: Ball
3-2: Strikes out swinging
Batting: LHB Danny Montalvo 0-0: Ball
1-0: Ball
2-0: Foul Ball, location: 2F
2-1: Ground out 4-3 (Groundball, 4, EV 99.4 MPH)
Top of the 7th over - 0 runs, 0 hits, 0 errors, 0 left on base; Columbus 4 - Chester 2
BOTTOM OF THE 7TH
Chester Pirates batting - Pitching for Columbus Reds : LHP Jeff Wall
Pitching: RHP Tim Rowe
Batting: RHB Marcos Ortiz 0-0: Foul Ball, location: 2F
0-1: Ball
1-1: Ball
2-1: Ground out 6-3 (Groundball, 6, EV 81.9 MPH)
Batting: RHB David de la Rosa 0-0: Called Strike
0-1: Ball
1-1: Foul Ball, location: 2F
1-2: Foul Ball, location: 2F
1-2: Ball
2-2: Ball
3-2: Fly out, F8 (Flyball, 8LS, EV 90.0 MPH)
Batting: RHB Kevin Hamilton 0-0: Ball
1-0: Ball
2-0: Ball
3-0: Called Strike
3-1: Base on Balls
Batting: RHB Erik Norberg 0-0: Ball
1-0: Ball
2-0: Swinging Strike
2-1: Fielders Choice at 2nd, U6 (Groundball, 6M, EV 84.4 MPH)
Bottom of the 7th over - 0 runs, 0 hits, 0 errors, 1 left on base; Columbus 4 - Chester 2
TOP OF THE 8TH
Columbus Reds batting - Pitching for Chester Pirates : RHP Adrian Tepale
Batting: RHB Toshimasa Kaku 0-0: Ball
1-0: Ball
2-0: Ball
3-0: Called Strike
3-1: Called Strike
3-2: Ground out 5-3 (Groundball, 56S, EV 80.6 MPH)
Batting: RHB Carlos Ruiz 0-0: Called Strike
0-1: Called Strike
0-2: Ball
1-2: Strikes out swinging
Batting: RHB Chris Gearhart 0-0: Called Strike
0-1: Ball
1-1: Swinging Strike
1-2: Strikes out looking
Top of the 8th over - 0 runs, 0 hits, 0 errors, 0 left on base; Columbus 4 - Chester 2
BOTTOM OF THE 8TH
Chester Pirates batting - Pitching for Columbus Reds : RHP Tim Rowe
Pitching: RHP Luis Cruz
Batting: RHB Tyler Smith 0-0: Ball
1-0: Foul Ball, location: 2F
1-1: Called Strike
1-2: Foul Ball, location: 2F
1-2: Ball
2-2: Foul Ball, location: 2F
2-2: Foul Ball, location: 2F
2-2: Ground out 6-3 (Groundball, 6S, EV 61.3 MPH)
Batting: RHB Raul Mendoza 0-0: Called Strike
0-1: Ball
1-1: Ball
2-1: Foul Ball, location: 2F
2-2: Ball
3-2: Base on Balls
Batting: RHB Slamet Pamungkas 0-0: Foul Ball, location: 2F
0-1: Ball
1-1: DOUBLE (Line Drive, 78XD, EV 110.0 MPH)
Raul Mendoza to third
Runner from 3rd tries for Home, SAFE, throw by CF to trailing runner, OUT at third! 8-6-5
Batting: RHB Ernie Weathersbee 0-0: Ball
1-0: Fly out, F8 (Flyball, 78M, EV 93.8 MPH)
Bottom of the 8th over - 1 run, 1 hit, 0 errors, 0 left on base; Columbus 4 - Chester 3
TOP OF THE 9TH
Columbus Reds batting - Pitching for Chester Pirates : RHP Adrian Tepale
Pitching: RHP Macho Ybarra
Batting: RHB Tim Wormell 0-0: Ball
1-0: Ball
2-0: SINGLE (Flyball, 7LS, EV 83.1 MPH)
Batting: RHB Jordan Hernandez 0-0: Foul Ball, location: 2F
0-1: Ball
1-1: Ball
2-1: Called Strike
2-2: Ball
3-2: Fielders Choice at 2nd, 5-4 (Groundball, 56, EV 87.5 MPH)
Batting: LHB Manny Pena 0-0: Called Strike
0-1: Ball
1-1: Ball
2-1: DOUBLE (Line Drive, 9LS, EV 90.6 MPH)
Jordan Hernandez to third
Batting: RHB Hyun-jong Bark 0-0: Ball
1-0: Foul Ball, location: 2F
1-1: Ball
2-1: Called Strike
2-2: Fly out, F8 (Flyball, 8RS, EV 79.4 MPH)
Batting: RHB Angel Ramos 0-0: Called Strike
0-1: Swinging Strike
0-2: Ball
1-2: Ball
2-2: Ball
3-2: Base on Balls
Batting: LHB Danny Montalvo 0-0: Ball
1-0: Ground out 1-3 (Groundball, 34S, EV 93.8 MPH)
Top of the 9th over - 0 runs, 2 hits, 0 errors, 3 left on base; Columbus 4 - Chester 3
BOTTOM OF THE 9TH
Chester Pirates batting - Pitching for Columbus Reds : RHP Luis Cruz
Pitching: RHP Gidde Buitink
Now at 1B: Gavin McCaughey
Batting: RHB Yoshiaki Tsutsui 0-0: Ball
1-0: Ball
2-0: Called Strike
2-1: Foul Ball, location: 2F
2-2: Ball
3-2: Strikes out swinging
Batting: RHB Marcos Ortiz 0-0: Called Strike
0-1: Foul Ball, location: 2F
0-2: Ball
1-2: Ball
2-2: Foul Ball, location: 2F
2-2: Ball
3-2: SINGLE (Line Drive, 7S, EV 85.6 MPH)
Batting: RHB David de la Rosa 0-0: Called Strike
0-1: Foul Ball, location: 2F
0-2: Strikes out looking
Batting: RHB Kevin Hamilton 0-0: Ball
1-0: Called Strike
1-1: Ground out 5-3 (Groundball, 5S, EV 90.0 MPH)
Bottom of the 9th over - 0 runs, 1 hit, 0 errors, 1 left on base; Columbus 4 - Chester 3
Thursday, December 15th , 2022 - OOTP Baseball 23.9 Build 102